AoeStats
← 知耻而后勇喜笑颜开

Arabia

509773656Analyzed
1v1 RM · 4d ago on Sep 28, 2026· 45m 37s· 2 players
Game mode
Random Map
Map size
Tiny (2 player)
Population
200
Speed
Normal
Resources
Standard
Victory
Conquest
Starting age
Dark Age
Ending age
Imperial Age
RankedLock teamsTeams togetherTeam positionsShared explorationLock speedFull tech treeHidden civsTurbo modeCheats
Victory
Defeat
1395
+14
🇦🇷 Romans · Argentina
1346
-14
andru_m15
6:52 Loom
7:01 Loom
9:30 Feudal Age
9:43 Man-at-Arms
11:03 Double-Bit Axe
13:43 Fletching
14:20 Scale Mail Armor
22:50 Castle Age
21:12 Gold Mining
21:03 Horse Collar
21:46 Padded Archer Armor
23:06 Long Swordsman
24:05 Chain Mail Armor
24:07 Bow Saw
23:38 Crossbowman
26:53 Bodkin Arrow
32:15 Wheelbarrow
35:14 Imperial Age
35:30 Imperial Age
34:11 Squires
36:24 Forging
37:15 Chemistry
35:41 Legionary
37:57 Capped Ram
42:27 Conscription
46:32 Gold Shaft Mining
知耻而后勇喜笑颜开
8:35 Feudal Age
9:03 Double-Bit Axe
9:09 Loom
16:05 Fletching
16:22 Town Watch
17:12 Wheelbarrow
16:48 Forging
21:04 Castle Age
19:17 Padded Archer Armor
19:13 Gold Mining
19:14 Stone Mining
19:26 Horse Collar
21:36 Scale Barding Armor
22:06 Bow Saw
21:57 Heavy Plow
22:54 Bodkin Arrow
22:29 Crossbowman
23:49 Hand Cart
25:12 Gold Shaft Mining
26:54 Thumb Ring
29:43 Leather Archer Armor
30:42 Sanctity
31:25 Husbandry
31:36 Bloodlines
31:54 Ballistics
31:51 Elite Skirmisher
32:48 Fervor
33:09 Redemption
39:56 Imperial Age
38:47 Chain Barding Armor
39:32 Iron Casting
39:07 Hamask
40:12 Scale Mail Armor
40:24 Squires
40:09 Arson
40:35 Squires
40:39 Bracer
41:41 Chemistry
41:10 Conscription
40:24 Elite Varangian Guard
41:39 Chain Mail Armor
42:43 Block Printing
44:41 Masonry
45:56 Gambesons
45:56 Arson
46:42 Plate Mail Armor
47:13 Blast Furnace
46:51 Hoardings
Connection lost

Rejoining the realm…

Still unreachable

The connection could not be restored.

Session expired

The server has moved on; the page needs a fresh start.